 Dungeon Crawl Stone Soup version 0.30-a0-719-gcc4359ea44 (webtiles) character file.

Game seed: 7907011270764616269

177 yarr the Slasher (level 5, 0/41 (42) HPs)
             Began as a Human Fighter on Jan 26, 2023.
             Was an Initiate of Ashenzari.
             Slain by Edmund
             ... wielding a +5 dire flail of protection
              (7 damage)
             ... on level 4 of the Dungeon.
             The game lasted 00:09:57 (3204 turns).

yarr the Slasher (Human Fighter)                    Turns: 3204, Time: 00:09:57

HP:   0/41 (42)     AC: 12    Str: 18    XL:     5   Next: 87%
MP:   5/5           EV:  5    Int:  9    God:    Ashenzari [......]
Gold: 189           SH:  0    Dex: 12    Spells: 4/4 levels left

rFire   . . .      SeeInvis .    a - +0 long sword
rCold   . . .      Faith    .    (no shield)
rNeg    . . .      Spirit   .    p - +0 plate armour
rPois   .          Reflect  .    (no helmet)
rElec   .          Harm     .    i - +0 cloak
rCorr   .          Rampage  .    (no gloves)
Will    .....                    (no boots) Stlth
                                 (no amulet)
HPRegen 0.26/turn                (no ring)
MPRegen 0.09/turn                (no ring)

@: lightly drained
A: no striking features
a: Renounce Religion


You were on level 4 of the Dungeon.
You worshipped Ashenzari.
Ashenzari was noncommittal.
You visited 1 branch of the dungeon, and saw 4 of its levels.

You collected 189 gold pieces.

Inventory:

Hand Weapons
 a - a +0 long sword (weapon)
Armour
 i - a +0 cloak (worn)
 p - a +0 plate armour (worn)
Jewellery
 j - an amulet of faith
 q - a ring of magical power
Scrolls
 b - a scroll of teleportation {unknown}
 g - 2 scrolls of fear {unknown}
 n - a scroll of noise {unknown}
 o - a scroll of enchant armour {unknown}
Potions
 c - a potion of ambrosia
 d - 4 potions of might
 e - a potion of lignification
 f - 3 potions of attraction
 h - 2 potions of mutation {unknown}
 k - 4 potions of invisibility {unknown}
 l - a potion of berserk rage {unknown}
 m - a potion of brilliance {unknown}


   Skills:
 + Level 3.9 Fighting
 * Level 4.2 Long Blades
 + Level 3.9 Armour
 - Level 3.0 Shields


You had 4 spell levels left.
You didn't know any spells.
Your spell library contained the following spells:

 Spells                   Type           Power      Damage    Failure   Level
 Beastly Appendage        Tmut           0%         N/A       100%        1
 Magic Dart               Conj           0%         1d3       100%        1
 Searing Ray              Conj           0%         2d4       100%        2
 Wereblood                Tmut           0%         N/A       100%        2
 Spider Form              Tmut/Pois      0%         N/A       100%        3
 Fulminant Prism          Conj/Hex       0%         3d5       100%        4


Dungeon Overview and Level Annotations

Branches:
Dungeon (4/15)
 Temple: D:4-7

Altars:
Ashenzari
Sif Muna
Xom

Shops:
D:2 =:!(

Annotations:
D:4 Edmund


Message History

The orc is moderately wounded.
The orc hits you but does no damage.
You hit the orc.
You kill the orc!
HP restored.
Items here: ( ) [ †.
You now have 189 gold pieces (gained 18).
A kobold comes into view. It is wielding a +0 dagger.
The kobold shouts!
A kobold is nearby!
You closely miss the kobold. The kobold barely misses you.
You barely miss the kobold. The kobold hits you but does no damage.
You hit the kobold.
You kill the kobold!
You open the door.
There is an open door here.
There is an open door here.
Edmund the Younger comes into view.
He is wielding a +5 dire flail of protection.
Edmund shouts!
Edmund says, "You wouldn't believe how much I paid for this flail."
Found a heavy robe.
Edmund says, "Everyone always remembers my brother. 'Who's Edmund?' they ask!"
Edmund hits you with a +5 dire flail of protection.
You slash Edmund!
Edmund is moderately wounded.
Edmund hits you but does no damage.
You closely miss Edmund.
Edmund is moderately wounded.
Edmund hits you but does no damage.
You hit Edmund but do no damage.
Edmund is moderately wounded.
Edmund hits you with a +5 dire flail of protection! x2
You hit Edmund.
Edmund is moderately wounded.
Edmund hits you with a +5 dire flail of protection!
* * * LOW HITPOINT WARNING * * *
You closely miss Edmund.
Edmund is moderately wounded.
Edmund hits you with a +5 dire flail of protection!
You die...

#[.... #....# #....##
+.....# #.....# .#
##.....+.$.##
#......#....#
#..@@.##....#
#..#####...# ### .
#..........##..#
..##.............#
..................##...
...................#...
....................#...
....########........#...
.... #........#...


You could see Edmund.

Vanquished Creatures
  An orc priest (D:4)
  An orc wizard (D:4)
  5 adders
  2 worms (D:2)
  A dart slug (D:3)
  2 orcs (D:4)
  7 bats
  5 endoplasms
  3 giant cockroaches
  5 hobgoblins
  8 jackals
  3 kobolds
  2 quokkas
  4 ball pythons
  5 frilled lizards
  8 goblins
  5 rats
67 creatures vanquished.

Notes
Turn   | Place    | Note
-------+----------+-------------------------------------------
     0 | D:1      | yarr the Human Fighter began the quest for the Orb.
     0 | D:1      | Reached XP level 1. HP: 18/18 MP: 1/1
   279 | D:1      | Reached XP level 2. HP: 24/24 MP: 2/2
   697 | D:2      | Found Xosmineh's Book Emporium.
   734 | D:2      | Found Utuniyhio's Distillery.
   923 | D:2      | Reached XP level 3. HP: 20/29 MP: 3/3
   965 | D:2      | Found Hytoapn's Weapon Emporium.
  1019 | D:2      | Found a shimmering altar of Xom.
  1082 | D:2      | Reached skill level 3 in Long Blades
  1306 | D:2      | Reached XP level 4. HP: 19/35 MP: 4/4
  1736 | D:2      | Found Jef Liwk's Jewellery Shoppe.
  2041 | D:3      | Identified the +0 hand axe "Owirchiqi" {drain, rElec rPois
                  | SInv}
  2130 | D:3      | Identified the +1 helmet of the Robin {Rampage rElec}
  2219 | D:3      | Reached XP level 5. HP: 24/34 MP: 5/5
  2436 | D:3      | Found a faded altar of an unknown god.
  2632 | D:3      | Found a broken altar of Ashenzari.
  2644 | D:3      | Became a worshipper of Ashenzari the Shackled
  2961 | D:3      | Found a shimmering blue altar of Sif Muna.
  3059 | D:4      | Reached skill level 4 in Long Blades
  3197 | D:4      | Noticed Edmund
  3204 | D:4      | Slain by Edmund

Illustrated notes

Levels and vault maps discovered:
D:1:      lightli_arrival_statuegarden, layout_basic
D:2:      minmay_razor_zed, layout_loops_ring, basic_altar, serial_shops, shop,
          shop, shop, nicolae_lakefront_shop, minmay_door_square
D:3:      layout_basic, mainiacjoe_overflow_alcove_4, lemuel_tele_altar,
          shapermc_ecumenical_altar_venn, palyth_stone_intersect,
          grunt_ministairs_4, minmay_checkerbox
D:4:      layout_gridville, kennysheep_little_box, cheibriados_altar_1,
          kennysheep_mini, minmay_temple_entry_nine_rooms, serial_glass,
          glass_columns_b, glass_columns_b, glass_columns_b, glass_columns_a,
          glass_columns_a, glass_columns_a, glass_columns_a, glass_columns_b,
          uniq_grinder, uniq_edmund

Skill      XL: |  1  2  3  4  5 |
---------------+----------------+-----
Long Blades    | 3 4 |  4.2
Fighting       | |  3.9
Armour         | |  3.9
Shields        | |  3.0

Action                     |  1- 3 |  4- 6 || total
---------------------------+-------+-------++-------
  Melee: Long sword        |    94 |   148 ||   242
    Use: Scroll            |     3 |     2 ||     5
 Armour: Scale mail        |    65 |   117 ||   182
         Plate armour      |       |    24 ||    24
  Dodge: Dodged            |    41 |   124 ||   165

Table legend: (Time is in decaauts)
 A = Elapsed time spent in this place.
 B = Non-inter-level travel time spent in this place.
 C = Inter-level travel time spent in this place.
 D = Time resting spent in this place.
 E = Time spent auto-exploring this place.
 F = Levels seen in this place.
 G = Mean time per level.
                   A        B        C        D        E       F      G
               +--------+--------+--------+--------+--------+-----+--------+
         Total |   3261 |   3053 |    208 |      0 |   2357 |   4 |  815.2 |
       Dungeon |   3261 |   3053 |    208 |      0 |   2357 |   4 |  815.2 |
               +--------+--------+--------+--------+--------+-----+--------+

Top non-repeatable levels by time:
     D:2: 1252 daAuts
     D:3: 1112 daAuts
     D:1: 704 daAuts
     D:4: 192 daAuts
